 Dungeon Crawl Stone Soup version 0.30.0-20-g3615ddf2f0 (webtiles) character file.

Game seed: 4639959124223328858

28967 qw the Cleaver (level 13, -8/82 HPs)
             Began as a Gargoyle Fighter on June 1, 2023.
             Was an Elder of Okawaru.
             Mangled by a meliai
             ... wielding a +0 war axe
              (10 damage)
             ... on level 4 of the Lair of Beasts.
             The game lasted 00:07:18 (15384 turns).

qw the Cleaver (Gargoyle Fighter)                  Turns: 15384, Time: 00:07:19

Health: -8/82      AC: 38    Str: 23    XL:     13   Next: 42%
Magic:  20/20      EV:  9    Int: 11    God:    Okawaru [****..]
Gold:   1040       SH: 17    Dex:  9    Spells: 12/12 levels left

rFire   . . .        Y - +0 broad axe
rCold   . . .        s - +0 kite shield
rNeg    + + .        h - +4 plate armour
rPois   inf          y - +0 helmet
rElec   +            f - +2 cloak
rCorr   .            o - +2 pair of gloves
SInv    +            (no boots)
Will    .....        v - amulet of reflection Stlth
                     i - ring of see invisible
HPRegen 0.33/turn    x - ring of positive energy
MPRegen 0.17/turn

%: reflection
@: about to teleport, heroic
A: sickness immunity, AC +9, negative energy resistance 1, electricity
resistance, torment resistance 1, petrification resistance
a: Renounce Religion, Heroism, Finesse


You were on level 4 of the Lair of Beasts.
You worshipped Okawaru.
Okawaru was greatly pleased with you.
You visited 3 branches of the dungeon, and saw 15 of its levels.

You collected 1040 gold pieces.


Innate Abilities, Weirdness & Mutations

You are immune to sickness and miasma.
Your stone body is resilient. (AC +9)
You are immune to poison.
You resist negative energy. (rN+)
You are resistant to electric shocks. (rElec)
You are resistant to unholy torment.
You are immune to petrification.


   Skills:
 - Level 10.0(15.0) Fighting
 - Level 12.9(17.9) Axes
 - Level 4.1(9.1) Throwing
 - Level 9.0(14.0) Armour
 - Level 2.7(7.7) Dodging
 + Level 10.0(15.0) Shields
 + Level 9.8 Invocations


You had 12 spell levels left.
You didn't know any spells.
Your spell library was empty.

Inventory:

Hand Weapons
 u - the +10 flail of Gluttony {pain, Int+5}
   (You found it on level 2 of the Lair of Beasts)

   Int:       It affects your intelligence (+5).
 Y - a +0 broad axe (weapon)
Missiles
 e - 8 boomerangs (quivered)
Armour
 f - a +2 cloak (worn)
 h - a +4 plate armour (worn)
 o - a +2 pair of gloves (worn)
 s - a +0 kite shield (worn)
 y - a +0 helmet (worn)
Jewellery
 g - a ring of ice
 i - a ring of see invisible (left hand)
 l - a ring of fire
 v - an amulet of reflection (around neck)
 x - a ring of positive energy (right hand)
 z - a ring of see invisible
Wands
 m - a wand of digging (7)
Scrolls
 c - a scroll of teleportation
 q - 5 scrolls of identify
 t - a scroll of fog {unknown}
Potions
 a - 2 potions of attraction
 b - a potion of magic
 d - 2 potions of might
 j - 4 potions of curing
 k - 2 potions of haste
 n - 5 potions of lignification
 r - 2 potions of resistance

Dungeon Overview and Level Annotations

Branches:
Dungeon (10/15)            Temple (1/1) D:6            Lair (4/5) D:10
  Swamp (0/4) Lair:2        Snake (0/4) Lair:2        Slime (0/5) Lair:4
    Orc (0/2) D:10

Altars:
Ashenzari
Cheibriados
Dithmenos
Elyvilon
Fedhas
Gozag
Hepliaklqana
Kikubaaqudgha
Makhleb
Nemelex Xobeh
Okawaru
Qazlal
Ru
Sif Muna
Trog
Uskayaw
Vehumet
Wu Jian
Xom
Yredelemnul
Zin
The Shining One
Jiyva

Annotations:
D:7 2 transporters, qw's ghost, novice GrFi


Message History

Something smites you!
The meliai mumbles some strange prayers to its god against you.
Something smites you!
The wolf stops to sniff the ground.
15381 ||| READING 2 scrolls of teleportation.
As you read the scroll of teleportation, it crumbles to dust.
You feel strangely unstable. The meliai hits you but does no damage.
You block the meliai's attack.
The meliai calls upon its god to heal the meliai.
The meliai is healed somewhat.
A wyvern comes into view.
The meliai hits you but does no damage.
The meliai stings you but does no damage.
The meliai mumbles some strange prayers to its god against you.
Something smites you!
The wyvern hisses angrily.
You closely miss the meliai.
The meliai is severely wounded.
You hit the meliai.
You hear an angry buzzing noise.
You block the meliai's attack.
The meliai stings you but does no damage.
The meliai calls upon its god to heal the meliai.
The meliai is healed somewhat.
The meliai calls upon its god to heal the meliai.
The meliai is healed somewhat.
The meliai hits you but does no damage. The meliai barely misses you.
You closely miss the meliai.
The meliai is heavily wounded.
You miss the meliai.
The meliai mumbles some strange prayers to its god against you.
Something smites you!
A killer bee comes into view.
You block the meliai's attack. x2
You slice the meliai!!
You kill the meliai!
Okawaru accepts your kill.
You hit the meliai but do no damage.
You block the meliai's attack. x2; The meliai hits you with a +0 war axe!
You die...

#.#....#.#...~~~~~~
##..#.#..#...~~~~~~~
#....#..#.....~~~~~~
#.#.#.#.#.#...~~~~~~
##.....#......~~~~##
#..#.##.#....~~~~~##
#...#....#....~~~~~~
##.#..#...#...~~~~~~ .
#...........@.~~~~~~ ..
#...........)y~ly~~~
..####..%%........~~##~~
........%..##.####~~# ~~
........%=#### #~~~
........P## ~~~P
.......P## ~~hP
........# ~~~~ ......###


You could see 2 oklob plants, a wyvern, a meliai, a wolf and a killer bee.

Vanquished Creatures
  A hydra (Lair:3)
  Erica (Lair:1)
  A centaur warrior (D:10)
  2 boulder beetles
  6 death yaks (Lair:4)
  6 elephants (Lair:2)
  2 black mambas (Lair:3)
  10 cane toads
  2 rime drakes (Lair:2)
  4 komodo dragons
  A meliai (Lair:4)
  Grinder (D:5)
  7 blink frogs
  5 dream sheep (Lair:4)
  Sigmund (D:5)
  4 wyverns
  3 spriggans (Lair:2)
  33 yaks
  A basilisk (Lair:2)
  3 swamp worms (Lair:2)
  8 water moccasins
  2 ice beasts (D:6)
  3 orc warriors
  2 sky beasts
  2 black bears
  2 ogres
  2 wolves (Lair:2)
  5 centaurs
  Blork the orc (D:4)
  4 kobold brigands
  10 bullfrogs
  A gnoll sergeant (D:8)
  2 scorpions (D:5)
  18 wights
  12 killer bees
  5 electric eels (D:7)
  7 jellies
  3 howler monkeys
  A gnoll bouda (D:8)
  5 orc priests
  A hound (D:5)
  3 sleepcaps
  6 iguanas
  22 orc wizards
  12 adders
  7 gnolls
  9 river rats (D:6)
  A shadow imp (D:5)
  3 white imps
  An ufetubus (D:6)
  3 worms
  3 dart slugs
  42 orcs
  5 bats
  2 endoplasms (D:1)
  4 giant cockroaches
  7 goblins
  9 hobgoblins
  6 jackals
  7 quokkas
  4 ball pythons
  5 frilled lizards
  20 kobolds
  2 kobold zombies (D:5)
  2 orc zombies (D:5)
  17 rats
392 creatures vanquished.

Notes
Turn   | Place    | Note
-------+----------+-------------------------------------------
     0 | D:1      | qw the Gargoyle Fighter began the quest for the Orb.
     0 | D:1      | Reached XP level 1. HP: 14/14 MP: 1/1
     0 | D:1      | 0 ||| qw: Version: 0.2-a-102-gdf20003
     0 | D:1      | 0 ||| qw: Game counter: 695
     0 | D:1      | 0 ||| qw: Always use a shield: true
     0 | D:1      | 0 ||| qw: God list: Okawaru
     0 | D:1      | 0 ||| qw: Allow faded altars: false
     0 | D:1      | 0 ||| qw: Do Orc after D:15 true
     0 | D:1      | 0 ||| qw: Do second Lair branch before Depths: true
     0 | D:1      | 0 ||| qw: Lair rune preference: random
     0 | D:1      | 0 ||| qw: Plans: Normal, Zot:1-4, Slime:5, God:TSO, Crypt,
                  | Tomb, Pan, Hells, Abyss, Win
     0 | D:1      | 0 ||| PLANNING D:1-11
    11 | D:1      | 11 ||| Stepping ~*~*~tactically~*~*~ (stealth).
    23 | D:1      | Reached skill level 2 in Axes
    70 | D:1      | Reached XP level 2. HP: 19/19 MP: 2/2
    94 | D:1      | 94 ||| FLEEEEING.
    95 | D:1      | 95 ||| FLEEEEING.
    96 | D:1      | 96 ||| FLEEEEING.
    97 | D:1      | 97 ||| FLEEEEING.
   165 | D:1      | 165 ||| Stepping ~*~*~tactically~*~*~ (stealth).
   168 | D:1      | 168 ||| Stepping ~*~*~tactically~*~*~ (stealth).
   174 | D:1      | Reached skill level 3 in Axes
   175 | D:1      | Reached XP level 3. HP: 22/23 MP: 3/3
   551 | D:1      | 551 ||| UPGRADING to +1 cloak.
   556 | D:1      | 556 ||| DROPPING +6 ring of intelligence.
   557 | D:1      | 557 ||| READING scroll labelled GIAGIA VYNOU.
   574 | D:1      | 574 ||| READING scroll labelled LUUCWO IHEHA.
   575 | D:1      | 575 ||| DRINKING 2 lumpy purple potions.
   576 | D:1      | 576 ||| DROPPING potion of degeneration.
   677 | D:2      | 677 ||| Stepping ~*~*~tactically~*~*~ (hiding).
   820 | D:2      | 820 ||| Stepping ~*~*~tactically~*~*~ (stealth).
   836 | D:2      | 836 ||| READING scroll labelled MIOWKU MIUNWIPS.
   889 | D:2      | Reached XP level 4. HP: 26/28 MP: 4/4
   949 | D:2      | 949 ||| Stepping ~*~*~tactically~*~*~ (stealth).
  1144 | D:2      | Reached skill level 4 in Axes
  1493 | D:2      | Found a faded altar of an unknown god.
  1608 | D:2      | 1608 ||| READING scroll labelled QOZABYUK KYAS.
  1609 | D:2      | 1609 ||| READING 6 scrolls labelled NEPO QECKUOPH.
  1610 | D:2      | 1610 ||| READING scroll labelled XULOYD TOLI.
  1611 | D:2      | 1611 ||| DRINKING 2 sedimented puce potions.
  1612 | D:2      | 1612 ||| DROPPING 5 scrolls of immolation.
  1613 | D:2      | 1613 ||| DROPPING potion of flight.
  1796 | D:3      | 1796 ||| Stepping ~*~*~tactically~*~*~ (stealth).
  1935 | D:3      | 1935 ||| Stepping ~*~*~tactically~*~*~ (stealth).
  2009 | D:3      | 2009 ||| Stepping ~*~*~tactically~*~*~ (stealth).
  2035 | D:3      | 2035 ||| DROPPING +0 club.
  2344 | D:3      | Found a broken altar of Ashenzari.
  2345 | D:3      | Found a bloodstained altar of Trog.
  2414 | D:3      | 2414 ||| UPGRADING to +0 chain mail.
  2424 | D:3      | 2424 ||| DROPPING +0 scale mail.
  2425 | D:3      | 2425 ||| DRINKING 2 red potions.
  2426 | D:3      | 2426 ||| DRINKING 2 yellow potions.
  2427 | D:3      | 2427 ||| DRINKING 2 bubbling red potions.
  2456 | D:4      | Noticed Blork the orc
  2457 | D:4      | 2457 ||| Stepping ~*~*~tactically~*~*~ (hiding).
  2459 | D:4      | 2459 ||| Stepping ~*~*~tactically~*~*~ (hiding).
  2462 | D:4      | 2462 ||| Stepping ~*~*~tactically~*~*~ (hiding).
  2467 | D:4      | Killed Blork the orc
  2468 | D:4      | Reached skill level 5 in Axes
  2468 | D:4      | Reached XP level 5. HP: 28/32 MP: 5/5
  2468 | D:4      | 2468 ||| FLEEEEING.
  2469 | D:4      | 2469 ||| FLEEEEING.
  2470 | D:4      | 2470 ||| FLEEEEING.
  2471 | D:4      | 2471 ||| FLEEEEING.
  2483 | D:4      | 2483 ||| FLEEEEING.
  2484 | D:4      | 2484 ||| FLEEEEING.
  2485 | D:4      | 2485 ||| STAIRDANCE
  2516 | D:4      | 2516 ||| DROPPING +0 mace.
  2723 | D:4      | 2723 ||| READING scroll of enchant armour.
  2723 | D:4      | 2723 ||| ENCHANTING +1 cloak.
  2770 | D:4      | Reached XP level 6. HP: 39/39 MP: 6/6
  2812 | D:4      | 2812 ||| Stepping ~*~*~tactically~*~*~ (hiding).
  2813 | D:4      | 2813 ||| Stepping ~*~*~tactically~*~*~ (hiding).
  3084 | D:4      | Identified the +0 scale mail of Lifelessness {Harm Str+3
                  | Dex+3}
  3162 | D:4      | 3162 ||| DROPPING +0 scale mail of Lifelessness {Harm Str+3
                  | Dex+3}.
  3163 | D:4      | 3163 ||| READING 2 scrolls labelled PIMEIR WACHE.
  3164 | D:4      | 3164 ||| READING scroll labelled VOURUO ZAVAH.
  3165 | D:4      | 3165 ||| READING 2 scrolls labelled NOEKOR KOXIOPN.
  3166 | D:4      | 3166 ||| READING scroll labelled PINNUB GIMEA.
  3167 | D:4      | 3167 ||| DROPPING scroll of magic mapping.
  3210 | D:5      | Entered Level 5 of the Dungeon
  3213 | D:5      | 3213 ||| STAIRDANCE
  3275 | D:5      | 3275 ||| Stepping ~*~*~tactically~*~*~ (stealth).
  3295 | D:5      | You fall into a shaft and drop 1 floor!
  3327 | D:6      | Noticed an ice beast
  3337 | D:6      | Killed an ice beast
  3338 | D:6      | Reached skill level 6 in Axes
  3338 | D:6      | Reached XP level 7. HP: 16/44 MP: 7/7
  3484 | D:6      | 3484 ||| Stepping ~*~*~tactically~*~*~ (hiding).
  3491 | D:6      | Reached skill level 1 in Dodging
  3530 | D:6      | Found an ornate altar of the Wu Jian Council.
  3533 | D:6      | Found a radiant altar of Vehumet.
  3566 | D:6      | 3566 ||| Stepping ~*~*~tactically~*~*~ (stealth).
  3574 | D:6      | 3574 ||| STAIRDANCE
  3693 | D:5      | Noticed Grinder
  3694 | D:5      | 3694 ||| Stepping ~*~*~tactically~*~*~ (hiding).
  3697 | D:5      | Paralysed by Grinder for 5 turns
  3703 | D:5      | Killed Grinder
  3704 | D:5      | Reached skill level 7 in Axes
  3704 | D:5      | Reached XP level 8. HP: 38/48 MP: 8/8
  3756 | D:5      | Noticed Sigmund
  3757 | D:5      | 3757 ||| Stepping ~*~*~tactically~*~*~ (hiding).
  3762 | D:5      | 3762 ||| DRINKING potion of curing.
  3762 | D:5      | 3762 ||| (to cure confusion)
  3764 | D:5      | Killed Sigmund
  3886 | D:5      | 3886 ||| Stepping ~*~*~tactically~*~*~ (hiding).
  3897 | D:5      | Reached skill level 1 in Throwing
  3963 | D:5      | 3963 ||| DROPPING +0 flail.
  3999 | D:5      | 3999 ||| READING scroll labelled CITTE SAIRIGI.
  4006 | D:5      | 4006 ||| READING 2 scrolls of identify.
  4006 | D:5      | 4006 ||| IDENTIFYING brown potion
  4024 | D:5      | 4024 ||| Stepping ~*~*~tactically~*~*~ (hiding).
  4103 | D:5      | Reached skill level 8 in Axes
  4366 | D:5      | 4366 ||| DRINKING 2 fizzy green potions.
  4407 | D:5      | 4407 ||| READING 3 scrolls of identify.
  4407 | D:5      | 4407 ||| IDENTIFYING clear potion
  4408 | D:5      | 4408 ||| READING 2 scrolls of identify.
  4408 | D:5      | 4408 ||| IDENTIFYING bubbling puce potion
  4409 | D:5      | 4409 ||| DROPPING potion of brilliance.
  4410 | D:5      | 4410 ||| DROPPING potion of magic.
  4424 | D:6      | Reached skill level 6 in Fighting
  4435 | D:6      | Found a staircase to the Ecumenical Temple.
  4436 | D:6      | 4436 ||| PLANNING TEMPLE
  4443 | D:6      | 4443 ||| Stepping ~*~*~tactically~*~*~ (stealth).
  4444 | D:6      | 4444 ||| Stepping ~*~*~tactically~*~*~ (stealth).
  4448 | Temple   | Entered the Ecumenical Temple
  4448 | Temple   | Found a transporter.
  4448 | Temple   | Found a transporter.
  4450 | Temple   | Found a transporter.
  4450 | Temple   | Found a transporter.
  4460 | Temple   | 4460 ||| PLANNING D:1-11
  4475 | Temple   | 4475 ||| PLANNING OKAWARU WORSHIP
  4482 | Temple   | Became a worshipper of Warmaster Okawaru
  4482 | Temple   | 4482 ||| PLANNING D:1-11
  4528 | D:6      | 4528 ||| READING scroll of enchant weapon.
  4528 | D:6      | 4528 ||| ENCHANTING +1 heavy war axe.
  4531 | D:6      | 4531 ||| Stepping ~*~*~tactically~*~*~ (stealth).
  4691 | D:6      | 4691 ||| Stepping ~*~*~tactically~*~*~ (stealth).
  4693 | D:6      | 4693 ||| Stepping ~*~*~tactically~*~*~ (stealth).
  4709 | D:6      | 4709 ||| Stepping ~*~*~tactically~*~*~ (stealth).
  4729 | D:6      | 4729 ||| FLEEEEING.
  4731 | D:6      | 4731 ||| FLEEEEING.
  4733 | D:6      | 4733 ||| FLEEEEING.
  4734 | D:6      | 4734 ||| FLEEEEING.
  4735 | D:6      | 4735 ||| FLEEEEING.
  4736 | D:6      | 4736 ||| FLEEEEING.
  4737 | D:6      | 4737 ||| FLEEEEING.
  4738 | D:6      | 4738 ||| FLEEEEING.
  4742 | D:6      | 4742 ||| FLEEEEING.
  4743 | D:6      | 4743 ||| FLEEEEING.
  4744 | D:6      | 4744 ||| FLEEEEING.
  4745 | D:6      | 4745 ||| FLEEEEING.
  4748 | D:6      | 4748 ||| FLEEEEING.
  4749 | D:6      | 4749 ||| FLEEEEING.
  4752 | D:6      | 4752 ||| FLEEEEING.
  4759 | D:6      | HP: 9/51 [orc/+0 short sword (4)]
  4760 | D:6      | 4760 ||| DRINKING 2 potions of heal wounds.
  4767 | D:6      | HP: 11/51 [orc/+0 flail (7)]
  4768 | D:6      | 4768 ||| READING 3 scrolls of teleportation.
  4769 | D:6      | 4769 ||| DRINKING potion of heal wounds.
  4843 | D:6      | 4843 ||| Stepping ~*~*~tactically~*~*~ (hiding).
  4848 | D:6      | Reached XP level 9. HP: 55/55 MP: 9/9
  4851 | D:6      | 4851 ||| Stepping ~*~*~tactically~*~*~ (stealth).
  5027 | D:6      | Reached * piety under Okawaru
  5028 | D:6      | Reached skill level 9 in Axes
  5030 | D:6      | Reached skill level 1 in Invocations
  5076 | D:6      | 5076 ||| INVOKING Heroism.
  5189 | D:6      | 5189 ||| Stepping ~*~*~tactically~*~*~ (stealth).
  5279 | D:6      | 5279 ||| Stepping ~*~*~tactically~*~*~ (stealth).
  5303 | D:6      | 5303 ||| Stepping ~*~*~tactically~*~*~ (stealth).
  5304 | D:6      | 5304 ||| Stepping ~*~*~tactically~*~*~ (stealth).
  5306 | D:6      | 5306 ||| Stepping ~*~*~tactically~*~*~ (hiding).
  5308 | D:6      | 5308 ||| Stepping ~*~*~tactically~*~*~ (hiding).
  5459 | D:6      | 5459 ||| Stepping ~*~*~tactically~*~*~ (stealth).
  5474 | D:6      | 5474 ||| Stepping ~*~*~tactically~*~*~ (hiding).
  5558 | D:6      | 5558 ||| Stepping ~*~*~tactically~*~*~ (stealth).
  5634 | D:6      | 5634 ||| UPGRADING to +0 plate armour.
  5644 | D:6      | 5644 ||| DROPPING +0 chain mail.
  5645 | D:6      | 5645 ||| READING scroll of enchant armour.
  5645 | D:6      | 5645 ||| ENCHANTING +0 plate armour.
  5646 | D:6      | 5646 ||| READING 3 scrolls of identify.
  5646 | D:6      | 5646 ||| IDENTIFYING sedimented ruby potion
  5647 | D:6      | 5647 ||| READING 2 scrolls of identify.
  5647 | D:6      | 5647 ||| IDENTIFYING bubbling blue potion
  5648 | D:6      | 5648 ||| DROPPING potion of berserk rage.
  5649 | D:6      | 5649 ||| DROPPING potion of ambrosia.
  5660 | D:7      | 5660 ||| PLANNING OSSUARY
  5692 | D:7      | 5692 ||| Stepping ~*~*~tactically~*~*~ (stealth).
  5699 | D:7      | 5699 ||| Stepping ~*~*~tactically~*~*~ (hiding).
  5700 | D:7      | 5700 ||| Stepping ~*~*~tactically~*~*~ (hiding).
  5701 | D:7      | 5701 ||| Stepping ~*~*~tactically~*~*~ (hiding).
  5708 | D:7      | 5708 ||| INVOKING Heroism.
  5715 | D:7      | Reached skill level 3 in Invocations
  5938 | D:7      | Found a transporter.
  5938 | D:7      | Noticed qw's ghost (novice GrFi)
  5939 | D:7      | 5939 ||| Stepping ~*~*~tactically~*~*~ (hiding).
  5939 | D:7      | Found a transporter.
  5966 | D:7      | 5966 ||| Stepping ~*~*~tactically~*~*~ (hiding).
  6199 | D:7      | 6199 ||| Stepping ~*~*~tactically~*~*~ (hiding).
  6364 | D:7      | 6364 ||| RIP OSSUARY
  6365 | D:7      | 6365 ||| PLANNING D:1-11
  6440 | D:7      | Found a basalt altar of Yredelemnul.
  6489 | D:7      | 6489 ||| INVOKING Heroism.
  6509 | D:7      | 6509 ||| INVOKING Heroism.
  6526 | D:7      | 6526 ||| INVOKING Heroism.
  6526 | D:7      | HP: 13/57 [electric eel/bolt of electricity (5)]
  6527 | D:7      | 6527 ||| READING 2 scrolls of teleportation.
  6537 | D:7      | 6537 ||| READING scroll of teleportation.
  6537 | D:7      | HP: 9/57 [electric eel/bolt of electricity (4)]
  6776 | D:7      | 6776 ||| INVOKING Heroism.
  6785 | D:7      | Reached skill level 6 in Armour
  6822 | D:7      | 6822 ||| INVOKING Heroism.
  7215 | D:7      | 7215 ||| UPGRADING to ring of see invisible.
  7216 | D:7      | 7216 ||| READING 3 scrolls labelled XEHA IGEUJIN.
  7217 | D:7      | 7217 ||| DROPPING 2 scrolls of fear.
  7236 | D:8      | 7236 ||| INVOKING Heroism.
  7244 | D:8      | Reached XP level 10. HP: 33/63 MP: 11/13
  7253 | D:8      | 7253 ||| INVOKING Heroism.
  7260 | D:8      | Reached skill level 10 in Axes
  7565 | D:8      | 7565 ||| INVOKING Heroism.
  8013 | D:8      | 8013 ||| FLEEEEING.
  8169 | D:8      | 8169 ||| DROPPING scarf of harm.
  8255 | D:8      | Found a shimmering blue altar of Sif Muna.
  8369 | D:9      | 8369 ||| STAIRDANCE
  8443 | D:9      | 8443 ||| INVOKING Heroism.
  8597 | D:9      | 8597 ||| FLEEEEING.
  8598 | D:9      | 8598 ||| FLEEEEING.
  8599 | D:9      | 8599 ||| FLEEEEING.
  8600 | D:9      | 8600 ||| FLEEEEING.
  8601 | D:9      | 8601 ||| FLEEEEING.
  8602 | D:9      | 8602 ||| FLEEEEING.
  8603 | D:9      | 8603 ||| FLEEEEING.
  8604 | D:9      | 8604 ||| FLEEEEING.
  8605 | D:9      | 8605 ||| FLEEEEING.
  8606 | D:9      | 8606 ||| FLEEEEING.
  8607 | D:9      | 8607 ||| FLEEEEING.
  8608 | D:9      | 8608 ||| FLEEEEING.
  8609 | D:9      | 8609 ||| FLEEEEING.
  8610 | D:9      | 8610 ||| FLEEEEING.
  8611 | D:9      | 8611 ||| FLEEEEING.
  8612 | D:9      | 8612 ||| FLEEEEING.
  8613 | D:9      | 8613 ||| FLEEEEING.
  8614 | D:9      | 8614 ||| FLEEEEING.
  8615 | D:9      | 8615 ||| FLEEEEING.
  8616 | D:9      | 8616 ||| FLEEEEING.
  8618 | D:9      | 8618 ||| FLEEEEING.
  8619 | D:9      | 8619 ||| FLEEEEING.
  8620 | D:9      | 8620 ||| FLEEEEING.
  8621 | D:9      | 8621 ||| FLEEEEING.
  8622 | D:9      | 8622 ||| FLEEEEING.
  8623 | D:9      | 8623 ||| FLEEEEING.
  8624 | D:9      | 8624 ||| FLEEEEING.
  8625 | D:9      | 8625 ||| FLEEEEING.
  8626 | D:9      | 8626 ||| FLEEEEING.
  8627 | D:9      | 8627 ||| FLEEEEING.
  8628 | D:9      | 8628 ||| FLEEEEING.
  8629 | D:9      | 8629 ||| FLEEEEING.
  8630 | D:9      | 8630 ||| FLEEEEING.
  8631 | D:9      | 8631 ||| FLEEEEING.
  8632 | D:9      | 8632 ||| FLEEEEING.
  8633 | D:9      | 8633 ||| FLEEEEING.
  8634 | D:9      | 8634 ||| FLEEEEING.
  8635 | D:9      | 8635 ||| FLEEEEING.
  8636 | D:9      | 8636 ||| FLEEEEING.
  8637 | D:9      | 8637 ||| FLEEEEING.
  8638 | D:9      | 8638 ||| FLEEEEING.
  8639 | D:9      | 8639 ||| FLEEEEING.
  8640 | D:9      | 8640 ||| FLEEEEING.
  8641 | D:9      | 8641 ||| FLEEEEING.
  8642 | D:9      | 8642 ||| FLEEEEING.
  8643 | D:9      | 8643 ||| STAIRDANCE
  8717 | D:9      | 8717 ||| STAIRDANCE
  8897 | D:9      | 8897 ||| Stepping ~*~*~tactically~*~*~ (stealth).
  8902 | D:9      | Reached skill level 11 in Axes
  8907 | D:9      | 8907 ||| INVOKING Heroism.
  8912 | D:9      | HP: 9/64 [yak (9)]
  8913 | D:9      | 8913 ||| READING scroll of teleportation.
  8914 | D:9      | Reached ** piety under Okawaru
  9162 | D:9      | 9162 ||| INVOKING Heroism.
  9172 | D:9      | Reached skill level 9 in Fighting
  9172 | D:9      | Reached XP level 11. HP: 71/71 MP: 12/14
  9312 | D:9      | 9312 ||| Stepping ~*~*~tactically~*~*~ (stealth).
  9313 | D:9      | 9313 ||| Stepping ~*~*~tactically~*~*~ (stealth).
  9315 | D:9      | 9315 ||| Stepping ~*~*~tactically~*~*~ (stealth).
  9484 | D:9      | 9484 ||| READING scroll labelled TOREOME YDEIBB.
  9536 | D:10     | Entered Level 10 of the Dungeon
  9545 | D:10     | Noticed a centaur warrior
  9548 | D:10     | 9548 ||| INVOKING Heroism.
  9559 | D:10     | Killed a centaur warrior
  9560 | D:10     | Reached skill level 3 in Throwing
  9734 | D:10     | Found a sparkling altar of Nemelex Xobeh.
  9989 | D:10     | Found a staircase to the Orcish Mines.
 10147 | D:10     | Found a staircase to the Lair.
 10156 | D:10     | 10156 ||| INVOKING Heroism.
 10340 | D:10     | 10340 ||| Stepping ~*~*~tactically~*~*~ (hiding).
 10341 | D:10     | 10341 ||| Stepping ~*~*~tactically~*~*~ (hiding).
 10713 | D:10     | 10713 ||| Stepping ~*~*~tactically~*~*~ (hiding).
 10714 | D:10     | 10714 ||| Stepping ~*~*~tactically~*~*~ (hiding).
 10963 | D:10     | 10963 ||| PLANNING LAIR
 10963 | D:10     | 10963 ||| DROPPING amulet of guardian spirit.
 10964 | D:10     | 10964 ||| READING 4 scrolls of identify.
 10964 | D:10     | 10964 ||| IDENTIFYING fizzy clear potion
 11011 | Lair:1   | Entered Level 1 of the Lair of Beasts
 11094 | Lair:1   | 11094 ||| Stepping ~*~*~tactically~*~*~ (stealth).
 11197 | Lair:1   | 11197 ||| Stepping ~*~*~tactically~*~*~ (stealth).
 11212 | Lair:1   | Reached *** piety under Okawaru
 11213 | Lair:1   | 11213 ||| INVOKING Heroism.
 11216 | Lair:1   | Reached skill level 12 in Axes
 11600 | Lair:1   | Noticed Erica
 11601 | Lair:1   | 11601 ||| Stepping ~*~*~tactically~*~*~ (hiding).
 11602 | Lair:1   | 11602 ||| Stepping ~*~*~tactically~*~*~ (hiding).
 11608 | Lair:1   | 11608 ||| INVOKING Heroism.
 11612 | Lair:1   | Killed Erica
 11645 | Lair:1   | 11645 ||| READING 3 scrolls of enchant armour.
 11645 | Lair:1   | 11645 ||| ENCHANTING +1 plate armour.
 11646 | Lair:1   | 11646 ||| READING 2 scrolls of enchant armour.
 11646 | Lair:1   | 11646 ||| ENCHANTING +2 plate armour.
 11647 | Lair:1   | 11647 ||| READING scroll of enchant armour.
 11647 | Lair:1   | 11647 ||| ENCHANTING +3 plate armour.
 11900 | Lair:1   | 11900 ||| DROPPING ring of flight.
 11918 | Lair:2   | 11918 ||| INVOKING Heroism.
 11919 | Lair:2   | HP: 16/71 [elephant (8)]
 11921 | Lair:2   | Reached skill level 6 in Shields
 11923 | Lair:2   | Reached **** piety under Okawaru
 11927 | Lair:2   | Reached XP level 12. HP: 20/77 MP: 13/15
 11927 | Lair:2   | 11927 ||| FLEEEEING.
 11928 | Lair:2   | 11928 ||| STAIRDANCE
 12113 | Lair:2   | Received a gift from Okawaru
 12114 | Lair:2   | 12114 ||| STAIRDANCE
 12116 | Lair:1   | 12116 ||| INVOKING Heroism.
 12121 | Lair:1   | HP: 11/77 [cane toad (14)]
 12121 | Lair:1   | HP: 5/77 [yak (6)]
 12431 | Lair:2   | 12431 ||| INVOKING Heroism.
 12532 | Lair:2   | 12532 ||| Stepping ~*~*~tactically~*~*~ (hiding).
 12535 | Lair:2   | 12535 ||| Stepping ~*~*~tactically~*~*~ (hiding).
 12649 | Lair:2   | 12649 ||| Stepping ~*~*~tactically~*~*~ (stealth).
 12651 | Lair:2   | 12651 ||| Stepping ~*~*~tactically~*~*~ (stealth).
 12728 | Lair:2   | Identified the +10 flail of Gluttony {pain, Int+5}
 12730 | Lair:2   | 12730 ||| DROPPING +0 flail of protection.
 12747 | Lair:2   | Found a staircase to the Snake Pit.
 12750 | Lair:2   | 12750 ||| Stepping ~*~*~tactically~*~*~ (stealth).
 12755 | Lair:2   | Reached skill level 6 in Invocations
 12801 | Lair:2   | 12801 ||| INVOKING Heroism.
 12949 | Lair:2   | 12949 ||| INVOKING Heroism.
 13056 | Lair:2   | Found a staircase to the Swamp.
 13290 | Lair:2   | 13290 ||| SWAPPING to +0 broad axe.
 13291 | Lair:2   | 13291 ||| DROPPING +2 heavy war axe.
 13297 | Lair:2   | Noticed a boulder beetle
 13298 | Lair:2   | 13298 ||| INVOKING Heroism.
 13306 | Lair:2   | Killed a boulder beetle
 13306 | Lair:2   | Received a gift from Okawaru
 13673 | Lair:2   | 13673 ||| UPGRADING to +0 kite shield.
 13683 | Lair:2   | 13683 ||| DROPPING +0 buckler.
 13684 | Lair:2   | 13684 ||| UPGRADING to ring of positive energy.
 13685 | Lair:2   | 13685 ||| READING scroll labelled JEDAAPNOZU.
 13721 | Lair:3   | 13721 ||| INVOKING Heroism.
 13792 | Lair:3   | 13792 ||| INVOKING Heroism.
 13838 | Lair:3   | 13838 ||| INVOKING Heroism.
 13916 | Lair:3   | 13916 ||| INVOKING Heroism.
 13922 | Lair:3   | Noticed a five-headed hydra
 13930 | Lair:3   | 13930 ||| SWAPPING to +10 flail of Gluttony {pain, Int+5}.
 13934 | Lair:3   | Killed a five-headed hydra
 13935 | Lair:3   | 13935 ||| SWAPPING to +0 broad axe.
 14017 | Lair:3   | 14017 ||| INVOKING Heroism.
 14128 | Lair:3   | Noticed a boulder beetle
 14129 | Lair:3   | 14129 ||| INVOKING Heroism.
 14160 | Lair:3   | Killed a boulder beetle
 14161 | Lair:3   | Reached skill level 9 in Shields
 14332 | Lair:3   | Reached XP level 13. HP: 73/82 MP: 19/19
 14564 | Lair:3   | 14564 ||| UPGRADING to +1 pair of gloves.
 14569 | Lair:3   | 14569 ||| UPGRADING to +0 helmet.
 14574 | Lair:3   | 14574 ||| UPGRADING to amulet of reflection.
 14596 | Lair:4   | 14596 ||| INVOKING Heroism.
 14605 | Lair:4   | Received a gift from Okawaru
 14638 | Lair:4   | Reached skill level 9 in Invocations
 14639 | Lair:4   | HP: 20/82 [death yak (5)]
 14640 | Lair:4   | 14640 ||| READING 2 scrolls of teleportation.
 14645 | Lair:4   | 14645 ||| INVOKING Heroism.
 14651 | Lair:4   | HP: 19/82 [dream sheep (4)]
 14652 | Lair:4   | 14652 ||| READING scroll of teleportation.
 14652 | Lair:4   | HP: 1/82 [black mamba (12)]
 14653 | Lair:4   | 14653 ||| DRINKING 3 potions of heal wounds.
 14654 | Lair:4   | 14654 ||| DRINKING 2 potions of heal wounds.
 14657 | Lair:4   | Found a staircase to the Slime Pits.
 14657 | Lair:4   | Found a viscous altar of Jiyva.
 14668 | Lair:4   | HP: 18/82 [acid (3)]
 14669 | Lair:4   | 14669 ||| DRINKING potion of heal wounds.
 14688 | Lair:4   | 14688 ||| INVOKING Heroism.
 14981 | Lair:4   | 14981 ||| READING scroll of enchant armour.
 14981 | Lair:4   | 14981 ||| ENCHANTING +1 pair of gloves.
 15148 | Lair:4   | 15148 ||| Stepping ~*~*~tactically~*~*~ (stealth).
 15164 | Lair:4   | 15164 ||| INVOKING Heroism.
 15176 | Lair:4   | Reached skill level 9 in Armour
 15365 | Lair:4   | 15365 ||| INVOKING Heroism.
 15380 | Lair:4   | HP: 20/82 [meliai/divine providence (13)]
 15381 | Lair:4   | 15381 ||| READING 2 scrolls of teleportation.
 15383 | Lair:4   | HP: 1/82 [meliai/divine providence (11)]
 15384 | Lair:4   | Mangled by a meliai

Levels and vault maps discovered:
D:1:      evilmike_arrival_plus, layout_rooms
D:2:      minmay_angry_zag, layout_basic, shapermc_ecumenical_altar_gd,
          serial_glass, glass_columns_c, glass_columns_a, minmay_misc_feat_tiny
D:3:      layout_basic, gammafunk_temple_overflow_statue
D:4:      layout_loops_ring, uniq_blork_the_orc
D:5:      layout_cave_pools, minmay_misc_feat_enclosed,
          ebering_dispersal_statue_hall, minmay_mini_ossuary, uniq_sigmund,
          uniq_grinder
D:6:      lemuel_ratsnest, layout_loops_cross, jmf_multi_god_temple,
          minmay_temple_entry_slanted, nicolae_underground_beach
D:7:      layout_basic, lemuel_doored_altar, enter_ossuary_5,
          gammafunk_ghost_smash, nicolae_hexahallways, serial_bayou_lake_a
D:8:      layout_basic, tgw_sif, serial_co_window_serial, co_window_corner_a,
          co_window_paths_b, co_window_corner_a, co_window_of_opportunity_a,
          co_window_corner_a, co_window_paths_a, co_window_of_opportunity_c,
          co_window_unsneaky_path_a, co_window_2corner,
          co_window_unsneaky_path_e, co_window_unsneaky_path_e,
          co_window_corner_b, glass_columns_a, glass_columns_b
D:9:      layout_roguey
D:10:     layout_layer_cave, nemelex_xobeh_ov_fountains_minmay,
          david_lair_shrubbed
Temple:   hellmonk_temple_divided_pantheon
Lair:1:   layout_small_grid, eino_small_chamber_without_monster, uniq_erica
Lair:2:   wad_woods_settlement, layout_cellular_growth,
          minmay_swamp_entry_worms, nzn_sisyphean_effort
Lair:3:   layout_big_grid, st_stairs_7, grunt_megastairs_5
Lair:4:   regret_index_harrowing_hell_hive, layout_hall_layers,
          nicolae_slime_entry_field_trip, grunt_megastairs_2,
          lemuel_fruit_fields

Skill      XL: |  1  2  3  4  5  6  7  8  9 10 11 12 13 |
---------------+----------------------------------------+-----
Axes           | 2 3 5 6 7 8 9 11 12 | 12.9
Fighting       | 4 6 7 9 10 | 10.0
Dodging        | 1 2 |  2.7
Throwing       | 1 3 4 |  4.1
Armour         | 4 6 7 8 9 |  9.0
Invocations    | 4 8 9 |  9.8
Shields        | 4 5 6 9 10 | 10.0

Action                     |  1- 3 |  4- 6 |  7- 9 | 10-12 | 13-15 || total
---------------------------+-------+-------+-------+-------+-------++-------
  Melee: War axe           |    82 |   140 |   252 |   344 |       ||   818
         Broad axe         |       |       |       |    99 |   133 ||   232
         Flail             |       |       |       |     4 |       ||     4
  Throw: Boomerang         |       |       |    58 |    66 |     1 ||   125
         Javelin           |       |       |       |    56 |    16 ||    72
 Invoke: Heroism           |       |       |     8 |    21 |     5 ||    34
    Use: Scroll            |     3 |     8 |    12 |     7 |     4 ||    34
         Potion            |     1 |     4 |     4 |       |     3 ||    12
 Armour: Scale mail        |    43 |    36 |       |       |       ||    79
         Chain mail        |       |    48 |   146 |       |       ||   194
         Plate armour      |       |       |    71 |   386 |   112 ||   569
  Dodge: Dodged            |    41 |    66 |   113 |   194 |    80 ||   494
  Block: Buckler           |    15 |    31 |    56 |    97 |       ||   199
         Kite shield       |       |       |       |    26 |   147 ||   173

Table legend:
 A = Non-vault XP
 B = Vault XP
 C = Vault XP percentage of total XP
 D = Non-vault monster count
 E = Vault monster count
 F = Vault count percentage of total count
                 A         B        C        D         E       F
            +---------+---------+-------+---------+---------+-------
      Total |   29329 |   12357 |  29.6 |     306 |      86 |  21.9
            +---------+---------+-------+---------+---------+-------
        D:1 |      43 |       0 |   0.0 |      23 |       0 |   0.0
        D:2 |      36 |      23 |  39.0 |      12 |       5 |  29.4
        D:3 |      42 |       0 |   0.0 |      16 |       0 |   0.0
        D:4 |      99 |     103 |  51.0 |      12 |       1 |   7.7
        D:5 |     657 |     517 |  44.0 |      21 |       6 |  22.2
        D:6 |     900 |     547 |  37.8 |      28 |      33 |  54.1
        D:7 |    1629 |       0 |   0.0 |      31 |       0 |   0.0
        D:8 |    1839 |      36 |   1.9 |      27 |       1 |   3.6
        D:9 |    2967 |       0 |   0.0 |      39 |       0 |   0.0
       D:10 |    1576 |     338 |  17.7 |      27 |       1 |   3.6
     Lair:1 |    2954 |    1050 |  26.2 |      14 |       2 |  12.5
     Lair:2 |    9478 |    2214 |  18.9 |      31 |       9 |  22.5
     Lair:3 |    4963 |     378 |   7.1 |      16 |       1 |   5.9
     Lair:4 |    2146 |    7151 |  76.9 |       9 |      27 |  75.0
            +---------+---------+-------+---------+---------+-------
